[Event "Israeli U18-Team-ch 2024"]
[Site "Rishon LeZion"]
[Date "2024.08.01"]
[Round "1.1"]
[White "Wul, Kfir"]
[Black "Vagman, Roy"]
[Result "0-1"]
[ECO "B21"]
[WhiteElo "1826"]
[BlackElo "2308"]
[Annotator "RC"]
[PlyCount "80"]
[EventDate "2024.08.01"]
[EventType "team-tourn"]
[EventCountry "ISR"]
[SourceTitle "playchess.com"]
[Source "ChessBase"]
[SourceQuality "1"]
[TimeControl "3000+10"]

1. e4 c5 2. Nf3 e6 3. d4 cxd4 4. c3 dxc3 5. Nxc3 Nc6 6. Bf4 a6 7. Bc4 Nge7 8. O-O Ng6 9. Bg3 Be7 10. Qe2 b5 11. Bb3 h5 12. h3 h4 13. Bh2 O-O 14. Rad1 Bb7 15. Rfe1 Rc8 16. Bc2 e5 17. Nd5 Bc5 18. a4 Nd4 19. Nxd4 Bxd4 20. axb5 axb5 21. Bb3 Bxd5 22. Bxd5 Qb6 23. Rc1 Rc5 24. Rxc5 Qxc5 25. Rf1 Ne7 26. Bb3 Qb4 27. Qf3 Bxb2 28. Rb1 Qc3 29. Qe2 Ba3 30. Qxb5 d6 31. Kh1 Bc5 32. Bg1 Ng6 33. Kh2 Qd2 34. f3 Nf4 35. Qf1 Ne2 36. Bxc5 Qf4+ 37. g3 Nxg3 38. Qc1 Nf1+ 39. Kg1 Nd2 40. Rb2 Nxf3+ 0-1

[Event "Israeli U18-Team-ch 2024"]
[Site "Rishon LeZion"]
[Date "2024.08.01"]
[Round "1.2"]
[White "Pelech, Roee"]
[Black "Gal, Yoav"]
[Result "1/2-1/2"]
[ECO "B07"]
[WhiteElo "2267"]
[BlackElo "1706"]
[Annotator "RC"]
[PlyCount "59"]
[EventDate "2024.08.01"]
[EventType "team-tourn"]
[EventCountry "ISR"]
[SourceTitle "playchess.com"]
[Source "ChessBase"]
[SourceQuality "1"]
[TimeControl "3000+10"]

1. d4 Nf6 2. Nc3 g6 3. e4 d6 4. h4 Bg7 5. Be2 Nbd7 6. h5 gxh5 7. Be3 c5 8. Nh3 Qa5 9. O-O Rg8 10. dxc5 Nxc5 11. Bb5+ Bd7 12. Bxc5 dxc5 13. Bxd7+ Nxd7 14. Nd5 e6 15. Ne3 O-O-O 16. Nc4 Qc7 17. Qxh5 Bd4 18. Kh1 Nf6 19. Qe2 Ng4 20. f4 Qe7 21. e5 Qh4 22. Qe1 Qh5 23. c3 Bf2 24. Rxf2 Rd3 25. Kg1 Rxh3 26. gxh3 Nxe5+ 27. Kh2 Ng4+ 28. Kg1 Ne3+ 29. Kh2 Ng4+ 30. Kg1 1/2-1/2

[Event "Israeli U18-Team-ch 2024"]
[Site "Rishon LeZion"]
[Date "2024.08.01"]
[Round "1.5"]
[White "Milikow, Elie"]
[Black "Adamchuk, Vlad"]
[Result "1-0"]
[ECO "C03"]
[WhiteElo "2399"]
[BlackElo "1790"]
[Annotator "RC"]
[PlyCount "49"]
[EventDate "2024.08.01"]
[EventType "team-tourn"]
[EventCountry "ISR"]
[SourceTitle "playchess.com"]
[Source "ChessBase"]
[SourceQuality "1"]
[TimeControl "3000+10"]

1. e4 e6 2. d4 d5 3. Nd2 h6 4. Bd3 c5 5. dxc5 Bxc5 6. Ngf3 Nf6 7. e5 Nfd7 8. Qe2 Nc6 9. c3 Qc7 10. Nb3 Be7 11. Bf4 a6 12. Bg3 b5 13. h4 Bb7 14. h5 Rc8 15. O-O Nc5 16. Nxc5 Bxc5 17. a4 b4 18. Kh1 bxc3 19. bxc3 d4 20. Rac1 Qa5 21. cxd4 Nxd4 22. Nxd4 Bxd4 23. Be4 Rxc1 24. Rxc1 Bxe4 25. Qxe4 1-0

[Event "Israeli U18-Team-ch 2024"]
[Site "Rishon LeZion"]
[Date "2024.08.01"]
[Round "1.6"]
[White "Wang, Daniel Z"]
[Black "Dezent, Eyal"]
[Result "0-1"]
[ECO "B12"]
[WhiteElo "1809"]
[BlackElo "2076"]
[Annotator "RC"]
[PlyCount "66"]
[EventDate "2024.08.01"]
[EventType "team-tourn"]
[EventCountry "ISR"]
[SourceTitle "playchess.com"]
[Source "ChessBase"]
[SourceQuality "1"]
[TimeControl "3000+10"]

1. e4 c6 2. d4 d5 3. e5 Bf5 4. h4 h5 5. c4 e6 6. Nc3 Ne7 7. Bg5 dxc4 8. Bxc4 Qb6 9. Qd2 Nd5 10. Nge2 Nd7 11. Bf4 Nxf4 12. Nxf4 O-O-O 13. Qe3 Qxb2 14. Rc1 Ba3 15. Nfe2 Qb4 16. Bb3 Bxc1 17. Qxc1 Nb6 18. O-O Qe7 19. Qf4 Rdg8 20. Ne4 Bxe4 21. Qxe4 g5 22. hxg5 Qxg5 23. Nf4 Nd5 24. Bxd5 exd5 25. Qf3 Qf5 26. Qh3 Qxh3 27. Nxh3 Rg4 28. f4 Kd7 29. Ng5 Rg8 30. Rf2 Ke7 31. Nh3 Rg3 32. Ng5 R8xg5 33. fxg5 Rxg5 0-1

[Event "Israeli U18-Team-ch 2024"]
[Site "Rishon LeZion"]
[Date "2024.08.01"]
[Round "1.7"]
[White "Gilor, Amit"]
[Black "Hodzic, Amir S"]
[Result "1-0"]
[ECO "C66"]
[WhiteElo "1905"]
[BlackElo "1882"]
[Annotator "RC"]
[PlyCount "155"]
[EventDate "2024.08.01"]
[EventType "team-tourn"]
[EventCountry "ISR"]
[SourceTitle "playchess.com"]
[Source "ChessBase"]
[SourceQuality "1"]
[TimeControl "3000+10"]

1. e4 e5 2. Nf3 Nc6 3. Nc3 Nf6 4. Bb5 d6 5. d4 Bd7 6. Bxc6 Bxc6 7. O-O Be7 8. Re1 exd4 9. Nxd4 Bd7 10. f4 O-O 11. h3 c5 12. Nf3 Bc6 13. a4 Re8 14. b3 Nd7 15. Bb2 Bf6 16. Qxd6 Bxe4 17. Nxe4 Bxb2 18. Rad1 Nf6 19. Qxd8 Rc8 20. Qxe8+ Rxe8 21. Rd8 Rxd8 22. Nxc5 Rc8 23. Nxb7 Rxc2 24. Nd6 Ba3 25. Nc4 Bc5+ 26. Kh2 g6 27. Ng5 Nh5 28. Ne4 Bd4 29. Rd1 Bg7 30. Rf1 Bh6 31. Ng5 Nxf4 32. Rxf4 Bxg5 33. Rf1 Be7 34. Rb1 Bb4 35. Kh1 Re2 36. Kh2 Kf8 37. Kg3 Ke7 38. Kf3 Re6 39. Rd1 h5 40. Rd5 Bd6 41. Rb5 Kf6 42. Rb7 Bc5 43. b4 Bd4 44. Rd7 Bg1 45. b5 a6 46. bxa6 Rxa6 47. a5 Ke6 48. Rb7 Bc5 49. Rb5 Bg1 50. Ke4 Bh2 51. Rb7 Kf6 52. Rb5 Bc7 53. Nb6 Ke6 54. Nc4 Kf6 55. Kd5 Ke7 56. Kc5 Kd7 57. Nb6+ Bxb6+ 58. axb6 Kc8 59. Kc6 Ra1 60. b7+ Kb8 61. Kb6 Rf1 62. Rb2 Rf6+ 63. Kc5 Rf5+ 64. Kc6 Rf1 65. Kd7 Rc1 66. Ke7 Rc7+ 67. Kf6 Rd7 68. g4 hxg4 69. hxg4 Rc7 70. g5 Rd7 71. Re2 Kxb7 72. Re7 Kc6 73. Rxd7 Kxd7 74. Kxf7 Kd8 75. Kxg6 Ke7 76. Kg7 Ke8 77. g6 Ke7 78. Kh7 1-0

[Event "Israeli U18-Team-ch 2024"]
[Site "Rishon LeZion"]
[Date "2024.08.01"]
[Round "1.8"]
[White "Shapira, David"]
[Black "Magen, Ofek"]
[Result "0-1"]
[ECO "A00"]
[WhiteElo "1636"]
[BlackElo "1911"]
[Annotator "RC"]
[PlyCount "72"]
[EventDate "2024.08.01"]
[EventType "team-tourn"]
[EventCountry "ISR"]
[SourceTitle "playchess.com"]
[Source "ChessBase"]
[SourceQuality "1"]
[TimeControl "3000+10"]

1. b4 Nf6 2. Bb2 e6 3. a3 d5 4. e3 Be7 5. c4 O-O 6. d4 dxc4 7. Bxc4 b6 8. Nf3 c5 9. b5 Bb7 10. O-O Qc7 11. Nbd2 cxd4 12. Bxd4 Nbd7 13. Be2 Rac8 14. Rc1 Qb8 15. Nc4 Rfd8 16. Qb3 Ng4 17. g3 Qa8 18. Nfe5 Ngxe5 19. Nxe5 Nxe5 20. Bxe5 Bh1 21. f3 Rxc1 22. Rxc1 Bxf3 23. Bxf3 Qxf3 24. Rf1 Qe4 25. Bd4 Bg5 26. Rf2 Rc8 27. Rf1 Rc2 28. Rf2 Rc1+ 29. Rf1 Rxf1+ 30. Kxf1 Qh1+ 31. Kf2 Qxh2+ 32. Kf3 h5 33. Qc3 Qg1 34. Qc8+ Kh7 35. Qc2+ f5 36. Be5 Qxe3+ 0-1

[Event "Israeli U18-Team-ch 2024"]
[Site "Rishon LeZion"]
[Date "2024.08.01"]
[Round "1.9"]
[White "Zakin, Lior"]
[Black "Uritsky, Yonathan"]
[Result "0-1"]
[ECO "B45"]
[WhiteElo "1681"]
[BlackElo "2173"]
[Annotator "RC"]
[PlyCount "84"]
[EventDate "2024.08.01"]
[EventType "team-tourn"]
[EventCountry "ISR"]
[SourceTitle "playchess.com"]
[Source "ChessBase"]
[SourceQuality "1"]
[TimeControl "3000+10"]

1. e4 c5 2. Nf3 Nc6 3. d4 cxd4 4. Nxd4 Nf6 5. Nc3 e6 6. Be2 Bb4 7. O-O O-O 8. Nxc6 bxc6 9. Bd3 d5 10. e5 Nd7 11. Bf4 f5 12. Qh5 Qe8 13. Qf3 Ba5 14. Ne2 Bc7 15. Qe3 c5 16. c3 Rb8 17. Rab1 h6 18. b4 Qe7 19. Qg3 Kh7 20. h4 g6 21. bxc5 Rxb1 22. Rxb1 Nxc5 23. Bc2 Bd7 24. Nd4 Bb6 25. Qh3 Rc8 26. g4 Ne4 27. Bxe4 dxe4 28. gxf5 exf5 29. Qg3 Qa3 30. Rb3 Qxa2 31. e6 Bxe6 32. Rb5 Qa1+ 33. Kh2 Rxc3 34. Be3 Bf7 35. Qf4 Bc7 36. Re5 Rc5 37. Qxh6+ Kg8 38. Ne6 Qxe5+ 39. Kg2 Qh2+ 40. Kf1 Qh1+ 41. Ke2 Qf3+ 42. Kd2 Ba5# 0-1

[Event "Israeli U18-Team-ch 2024"]
[Site "Rishon LeZion"]
[Date "2024.08.01"]
[Round "1.10"]
[White "Kochavi, Dana"]
[Black "Lapushnian, Maya"]
[Result "1-0"]
[ECO "B42"]
[WhiteElo "2135"]
[BlackElo "1780"]
[Annotator "RC"]
[PlyCount "57"]
[EventDate "2024.08.01"]
[EventType "team-tourn"]
[EventCountry "ISR"]
[SourceTitle "playchess.com"]
[Source "ChessBase"]
[SourceQuality "1"]
[TimeControl "3000+10"]

1. e4 c5 2. Nf3 e6 3. d4 cxd4 4. Nxd4 a6 5. Bd3 Bc5 6. Nb3 Ba7 7. Bf4 d6 8. Qd2 Nc6 9. Nc3 e5 10. Bg5 Nge7 11. O-O-O Be6 12. Kb1 Qc7 13. h3 O-O-O 14. Nd5 Bxd5 15. exd5 Nd4 16. Nc1 f6 17. Be3 Kb8 18. g4 Nxd5 19. Bxd4 Bxd4 20. c3 Ba7 21. Qc2 Nf4 22. Bxh7 Bxf2 23. Nd3 Nxd3 24. Bxd3 Bh4 25. Be4 Bg5 26. Rd3 Qc4 27. Bd5 Qf4 28. Rhd1 Rd7 29. Rf3 1-0

[Event "Israeli U18-Team-ch 2024"]
[Site "Rishon LeZion"]
[Date "2024.08.01"]
[Round "1.11"]
[White "Linik, Daniel"]
[Black "Duchan, Yoav"]
[Result "0-1"]
[ECO "A41"]
[WhiteElo "1733"]
[BlackElo "2008"]
[Annotator "RC"]
[PlyCount "154"]
[EventDate "2024.08.01"]
[EventType "team-tourn"]
[EventCountry "ISR"]
[SourceTitle "playchess.com"]
[Source "ChessBase"]
[SourceQuality "1"]
[TimeControl "3000+10"]

1. d4 g6 2. Nf3 Bg7 3. g3 d6 4. Bg2 Nc6 5. O-O Bd7 6. c3 Qc8 7. e4 Bh3 8. Bxh3 Qxh3 9. Ng5 Qc8 10. Qb3 Nd8 11. f4 h6 12. Nf3 Nf6 13. e5 Nh7 14. Qa4+ Qd7 15. Qxd7+ Kxd7 16. Nbd2 e6 17. b4 Bf8 18. Bb2 d5 19. Nb3 b6 20. a4 a6 21. b5 Nb7 22. Nfd2 Be7 23. c4 dxc4 24. Nxc4 Rhd8 25. Ne3 Ke8 26. Rfc1 Rd7 27. bxa6 Rxa6 28. Rc4 Na5 29. Nxa5 Rxa5 30. Rac1 c5 31. Kg2 Nf8 32. R1c2 Rda7 33. dxc5 bxc5 34. R4c3 Rxa4 35. Nc4 Nd7 36. Rb3 Rb4 37. Rbc3 Rb8 38. Bc1 Rc7 39. Be3 Rb5 40. Ra3 Rb8 41. g4 Nb6 42. Rb3 Nd7 43. Rcb2 Rcc8 44. Kf3 Rb4 45. Nd6+ Bxd6 46. exd6 Rc6 47. Rxb4 cxb4 48. Rxb4 Rxd6 49. Rb5 Rd5 50. Rb3 f5 51. h3 fxg4+ 52. hxg4 h5 53. Ra3 Rd1 54. Bf2 Rh1 55. Ra8+ Ke7 56. Rg8 hxg4+ 57. Kg2 Rh6 58. Bd4 Kd6 59. Kg3 Kd5 60. Bg7 Rh1 61. Kxg4 Ke4 62. Rd8 Rg1+ 63. Kh3 Nc5 64. Bd4 Rd1 65. Bf6 Rxd8 66. Bxd8 Kxf4 67. Bc7+ Kf3 68. Kh4 Ne4 69. Kh3 g5 70. Kh2 g4 71. Be5 g3+ 72. Kg1 Ng5 73. Kh1 g2+ 74. Kh2 Kf2 75. Bd4+ Kf1 76. Be3 Ne4 77. Ba7 Nf2 0-1

[Event "Israeli U18-Team-ch 2024"]
[Site "Rishon LeZion"]
[Date "2024.08.01"]
[Round "1.12"]
[White "Gurevich, Neria"]
[Black "Khairova, Evelina"]
[Result "1-0"]
[ECO "D91"]
[WhiteElo "1997"]
[BlackElo "1692"]
[Annotator "RC"]
[PlyCount "75"]
[EventDate "2024.08.01"]
[EventType "team-tourn"]
[EventCountry "ISR"]
[SourceTitle "playchess.com"]
[Source "ChessBase"]
[SourceQuality "1"]
[TimeControl "3000+10"]

1. d4 d5 2. c4 c6 3. Nf3 Nf6 4. Nc3 g6 5. Bg5 Bg7 6. e3 O-O 7. Bd3 b6 8. O-O Nbd7 9. e4 dxe4 10. Nxe4 Bb7 11. Re1 Nxe4 12. Bxe4 Nf6 13. Bc2 e6 14. Qe2 Qc7 15. Rad1 Rad8 16. Ne5 Rfe8 17. Qf3 c5 18. d5 Qe7 19. Ng4 Rd6 20. Bxf6 Qf8 21. Bxg7 Kxg7 22. Nf6 Red8 23. Qc3 e5 24. Ne4 R6d7 25. Qxe5+ f6 26. Qc3 Re8 27. Ng5 Rxe1+ 28. Rxe1 Kg8 29. Ne6 Qf7 30. h4 Bc8 31. Qg3 Re7 32. h5 f5 33. Qe5 Bxe6 34. dxe6 Qg7 35. Qb8+ Qf8 36. Qxf8+ Kxf8 37. h6 Re8 38. Ba4 1-0

[Event "Israeli U18-Team-ch 2024"]
[Site "Rishon LeZion"]
[Date "2024.08.01"]
[Round "1.13"]
[White "Ostrovsky Berman, Noam"]
[Black "Gabriel, Adam"]
[Result "0-1"]
[ECO "B41"]
[WhiteElo "2053"]
[BlackElo "2289"]
[Annotator "RC"]
[PlyCount "100"]
[EventDate "2024.08.01"]
[EventType "team-tourn"]
[EventCountry "ISR"]
[SourceTitle "playchess.com"]
[Source "ChessBase"]
[SourceQuality "1"]
[TimeControl "3000+10"]

1. e4 c5 2. Nf3 e6 3. d4 cxd4 4. Nxd4 a6 5. c4 Qc7 6. Nc3 Nf6 7. a3 Nc6 8. Nxc6 dxc6 9. Bd3 Be7 10. O-O e5 11. Qe2 Bg4 12. f3 Bc5+ 13. Kh1 Be6 14. Bg5 Nh5 15. b4 Bd4 16. Rac1 f6 17. f4 Nxf4 18. Bxf4 exf4 19. Nd5 Qd7 20. Nxf4 Bg4 21. Qc2 O-O-O 22. Be2 Bxe2 23. Qxe2 Rhe8 24. b5 f5 25. bxa6 Rxe4 26. axb7+ Qxb7 27. Qc2 Qc7 28. Ne2 g6 29. Rb1 Bb6 30. c5 Ba5 31. Ng3 Red4 32. Qe2 Qa7 33. Qe6+ Qd7 34. Qe2 Rd3 35. Qc2 Rd2 36. Qc4 Qd5 37. Qa6+ Kd7 38. Qb7+ Bc7 39. Rg1 Rb8 40. Qxb8 Bxb8 41. Rxb8 Kc7 42. Rh8 Qd7 43. Re1 Rd1 44. Rhe8 Qd2 45. R8e7+ Kb8 46. Re8+ Ka7 47. R8e7+ Ka6 48. Rg1 Rxg1+ 49. Kxg1 Qc1+ 50. Kf2 Qxc5+ 0-1

[Event "Israeli U18-Team-ch 2024"]
[Site "Rishon LeZion"]
[Date "2024.08.01"]
[Round "1.14"]
[White "Forster, Michael C"]
[Black "Manyevich, Rom"]
[Result "0-1"]
[ECO "E24"]
[WhiteElo "2284"]
[BlackElo "2015"]
[Annotator "RC"]
[PlyCount "86"]
[EventDate "2024.08.01"]
[EventType "team-tourn"]
[EventCountry "ISR"]
[SourceTitle "playchess.com"]
[Source "ChessBase"]
[SourceQuality "1"]
[TimeControl "3000+10"]

1. d4 Nf6 2. c4 e6 3. Nc3 Bb4 4. a3 Bxc3+ 5. bxc3 Nc6 6. Qc2 b6 7. e4 Ba6 8. Bd3 e5 9. d5 Na5 10. Nf3 Bxc4 11. Rb1 Bxd3 12. Qxd3 Qe7 13. O-O Nb7 14. Be3 O-O 15. Rfe1 Nd6 16. Bd2 Nb7 17. Be3 Rfe8 18. c4 Nc5 19. Bxc5 Qxc5 20. Rb5 Qe7 21. c5 bxc5 22. Reb1 d6 23. Nd2 Nd7 24. a4 Rec8 25. Qh3 Qe8 26. Nc4 Rab8 27. Qa3 a6 28. R5b3 Rxb3 29. Rxb3 Rb8 30. h3 g6 31. Na5 Rxb3 32. Qxb3 Qb8 33. Qd3 Qb4 34. Qxa6 Qxe4 35. Qc8+ Kg7 36. Qxd7 Qe1+ 37. Kh2 Qxa5 38. Qc6 Qb6 39. Qd7 c4 40. Qg4 c3 41. Qd1 Qd4 42. Qc2 Qf4+ 43. g3 Qd2 0-1

[Event "Israeli U18-Team-ch 2024"]
[Site "Rishon LeZion"]
[Date "2024.08.01"]
[Round "1.15"]
[White "Hermans, Ray"]
[Black "Gur, Alon"]
[Result "0-1"]
[ECO "B15"]
[WhiteElo "1926"]
[BlackElo "1745"]
[Annotator "RC"]
[PlyCount "76"]
[EventDate "2024.08.01"]
[EventType "team-tourn"]
[EventCountry "ISR"]
[SourceTitle "playchess.com"]
[Source "ChessBase"]
[SourceQuality "1"]
[TimeControl "3000+10"]

1. e4 c6 2. d4 d5 3. Nd2 dxe4 4. Nxe4 Nf6 5. Nxf6+ exf6 6. c3 Bd6 7. Bd3 O-O 8. Qc2 Re8+ 9. Ne2 h5 10. O-O h4 11. Bf4 Bg4 12. f3 Be6 13. Rae1 b5 14. Bxd6 Qxd6 15. Bh7+ Kh8 16. Be4 Nd7 17. g3 Rac8 18. b3 hxg3 19. hxg3 g6 20. Kg2 f5 21. Bd3 Kg7 22. Nf4 Nf6 23. Re5 b4 24. Rfe1 Bd7 25. cxb4 Qxd4 26. Rxe8 Rxe8 27. Rxe8 Bxe8 28. Bc4 Nd5 29. Bxd5 cxd5 30. Qc7 Qd2+ 31. Kh3 Bb5 32. Qe5+ Kh7 33. Qe7 Bf1+ 34. Kh4 Qh2+ 35. Kg5 Qh6+ 36. Kf6 Qg7+ 37. Kg5 f6+ 38. Qxf6 Qh6# 0-1

[Event "Israeli U18-Team-ch 2024"]
[Site "Rishon LeZion"]
[Date "2024.08.01"]
[Round "1.16"]
[White "Versano, Meitar"]
[Black "Tauber, Ori"]
[Result "1/2-1/2"]
[ECO "C11"]
[WhiteElo "1639"]
[BlackElo "1741"]
[Annotator "NA RC"]
[PlyCount "101"]
[EventDate "2024.08.01"]
[EventType "team-tourn"]
[EventCountry "ISR"]
[SourceTitle "playchess.com"]
[Source "ChessBase"]
[SourceQuality "1"]
[TimeControl "3000+10"]

1. e4 e6 2. Nc3 d5 3. Nf3 Nf6 4. e5 Nfd7 5. d4 c5 6. dxc5 Bxc5 7. Bd3 Nc6 8. Bf4 h6 9. h4 Qc7 10. Qe2 a6 11. a4 Nd4 12. Nxd4 Bxd4 13. Qg4 Nxe5 14. Qg3 Nxd3+ 15. cxd3 Bxc3+ 16. bxc3 Qxc3+ 17. Ke2 Qb2+ 18. Kf3 Qf6 19. Rhe1 Bd7 20. Ke2 Qg6 21. Qxg6 fxg6 22. Rac1 O-O 23. Bd6 Rfc8 24. a5 Kf7 25. Ke3 Ba4 26. Kd4 Bc2 27. Re2 Ba4 28. Ree1 Bb5 29. Rxc8 Rxc8 30. Re3 g5 31. hxg5 hxg5 32. Rg3 Rc2 33. Rxg5 Rxf2 34. Be5 g6 35. Rg3 Rf5 36. Rf3 g5 37. Rxf5+ exf5 38. g3 Kg6 39. Kxd5 Bxd3 40. Kd4 Be4 41. Ke3 Kh5 42. Bc7 Kg4 43. Kf2 Bc6 44. Bd6 f4 45. gxf4 gxf4 46. Bc5 b5 47. axb6 a5 48. Bd6 Kf5 49. Bxf4 a4 50. Bd6 Ke6 51. Ba3 1/2-1/2

[Event "Israeli U18-Team-ch 2024"]
[Site "Rishon LeZion"]
[Date "2024.08.01"]
[Round "2.1"]
[White "Laor, Jason Ethan"]
[Black "Vagman, Roy"]
[Result "0-1"]
[ECO "B50"]
[WhiteElo "1841"]
[BlackElo "2308"]
[Annotator "RC"]
[PlyCount "60"]
[EventDate "2024.08.01"]
[EventType "team-tourn"]
[EventCountry "ISR"]
[SourceTitle "playchess.com"]
[Source "ChessBase"]
[SourceQuality "1"]
[TimeControl "3000+10"]

1. e4 c5 2. Nf3 d6 3. c3 Nf6 4. Be2 g6 5. O-O Bg7 6. Bb5+ Nc6 7. Re1 Bg4 8. d4 cxd4 9. cxd4 Nd7 10. Be3 O-O 11. Nc3 a6 12. Be2 Bxf3 13. Bxf3 e5 14. dxe5 dxe5 15. g3 Nd4 16. Bxd4 exd4 17. Nd5 Rc8 18. Qd2 Ne5 19. Bg2 Nc4 20. Qb4 Re8 21. Rac1 b5 22. b3 Bf8 23. Rxc4 Bxb4 24. Rxb4 Qxd5 25. exd5 Rxe1+ 26. Bf1 Rcc1 27. d6 Rxf1+ 28. Kg2 Rg1+ 29. Kh3 Rc8 30. Rxd4 Rd8 0-1

[Event "Israeli U18-Team-ch 2024"]
[Site "Rishon LeZion"]
[Date "2024.08.01"]
[Round "2.2"]
[White "Sokolovsky, Yahli"]
[Black "Brezis, Ari"]
[Result "1-0"]
[ECO "B31"]
[WhiteElo "2492"]
[BlackElo "2028"]
[Annotator "RC"]
[PlyCount "73"]
[EventDate "2024.08.01"]
[EventType "team-tourn"]
[EventCountry "ISR"]
[SourceTitle "playchess.com"]
[Source "ChessBase"]
[SourceQuality "1"]
[TimeControl "3000+10"]

1. e4 c5 2. Nf3 Nc6 3. Bb5 g6 4. O-O Bg7 5. Re1 e5 6. Bxc6 dxc6 7. d3 Qc7 8. a3 a5 9. Be3 b6 10. Nbd2 Nf6 11. b4 cxb4 12. axb4 Ng4 13. Bg5 f6 14. Bh4 g5 15. Bg3 h5 16. h4 gxh4 17. Nxh4 Kf7 18. Nb3 a4 19. Nd4 Qd6 20. c3 b5 21. Nb3 Nxf2 22. Bxf2 Bg4 23. Nf5 Qc7 24. Qb1 axb3 25. Qxb3+ Kg6 26. Bc5 Bxf5 27. exf5+ Kh7 28. Qd1 Qf7 29. Qf3 Rhc8 30. Rxa8 Rxa8 31. Qxc6 Ra3 32. Qe6 Qb7 33. Qe8 Rxc3 34. Qxh5+ Kg8 35. Qe8+ Kh7 36. Re3 Rc1+ 37. Kh2 1-0

[Event "Israeli U18-Team-ch 2024"]
[Site "Rishon LeZion"]
[Date "2024.08.01"]
[Round "2.3"]
[White "Zakin, Ilay"]
[Black "Beitner, Yehonatan"]
[Result "1-0"]
[ECO "B43"]
[WhiteElo "2306"]
[BlackElo "1929"]
[Annotator "RC"]
[PlyCount "37"]
[EventDate "2024.08.01"]
[EventType "team-tourn"]
[EventCountry "ISR"]
[SourceTitle "playchess.com"]
[Source "ChessBase"]
[SourceQuality "1"]
[TimeControl "3000+10"]

1. e4 c5 2. Nf3 e6 3. d4 cxd4 4. Nxd4 a6 5. Nc3 b5 6. g3 b4 7. Na4 Bb7 8. Bg2 Nf6 9. O-O Nxe4 10. Re1 d5 11. c4 bxc3 12. bxc3 Nd7 13. Rb1 Qc7 14. c4 Qxc4 15. Rxb7 Nec5 16. Nxc5 Nxc5 17. Rc7 Qxa2 18. Nxe6 fxe6 19. Bxd5 1-0

[Event "Israeli U18-Team-ch 2024"]
[Site "Rishon LeZion"]
[Date "2024.08.01"]
[Round "2.4"]
[White "David, Idan"]
[Black "Tashkinova, Sofiia"]
[Result "1-0"]
[ECO "D02"]
[WhiteElo "1873"]
[BlackElo "2127"]
[Annotator "RC"]
[PlyCount "103"]
[EventDate "2024.08.01"]
[EventType "team-tourn"]
[EventCountry "ISR"]
[SourceTitle "playchess.com"]
[Source "ChessBase"]
[SourceQuality "1"]
[TimeControl "3000+10"]

1. d4 Nf6 2. Bf4 d5 3. e3 e6 4. Nd2 c5 5. c3 Nc6 6. Ngf3 Qb6 7. Qb3 Qxb3 8. axb3 Nh5 9. Bg3 Nxg3 10. hxg3 cxd4 11. exd4 a5 12. Bb5 Bd7 13. O-O Bd6 14. b4 Bc7 15. Nb3 b6 16. bxa5 Nxa5 17. Bxd7+ Kxd7 18. Nbd2 b5 19. b4 Nc4 20. Nb3 Ke7 21. Nc5 f6 22. Rfe1 e5 23. dxe5 fxe5 24. Rad1 Rhd8 25. Nd4 Kf6 26. Nde6 Rdc8 27. Nxc7 Rxc7 28. Rxd5 Ra3 29. Ne4+ Kf5 30. Rxb5 Nb2 31. Rd5 Nc4 32. Rd3 h6 33. Nc5 Re7 34. Rf3+ Kg6 35. Ne4 Rd7 36. g4 Rda7 37. Rd1 Ra1 38. Rxa1 Rxa1+ 39. Kh2 Re1 40. Nc5 Re2 41. Kg3 Nd2 42. Re3 Nf1+ 43. Kf3 Rc2 44. Re1 Nd2+ 45. Ke3 Rb2 46. Kd3 e4+ 47. Nxe4 Nxe4 48. Rxe4 Rxf2 49. b5 Rxg2 50. b6 Rb2 51. Rb4 Rg2 52. b7 1-0

[Event "Israeli U18-Team-ch 2024"]
[Site "Rishon LeZion"]
[Date "2024.08.01"]
[Round "2.6"]
[White "Dezent, Eyal"]
[Black "Tsafrir, Itay"]
[Result "1-0"]
[ECO "A45"]
[WhiteElo "2076"]
[BlackElo "1805"]
[Annotator "RC"]
[PlyCount "85"]
[EventDate "2024.08.01"]
[EventType "team-tourn"]
[EventCountry "ISR"]
[SourceTitle "playchess.com"]
[Source "ChessBase"]
[SourceQuality "1"]
[TimeControl "3000+10"]

1. d4 Nf6 2. Bg5 c5 3. d5 Qb6 4. Nc3 Qxb2 5. Bd2 Qb6 6. e4 d6 7. f4 e6 8. Bc4 exd5 9. Nxd5 Nxd5 10. exd5 Be7 11. Qe2 Qd8 12. Nf3 O-O 13. O-O Bf5 14. Bd3 Bxd3 15. Qxd3 Nd7 16. Ng5 Nf6 17. Bc3 h6 18. Bxf6 hxg5 19. Bxe7 Qxe7 20. Rae1 Qf6 21. fxg5 Qd4+ 22. Qxd4 cxd4 23. Re7 Rac8 24. Rf2 Rfe8 25. Rxe8+ Rxe8 26. Rd2 Re1+ 27. Kf2 Ra1 28. Rxd4 Rxa2 29. Rd2 a5 30. Ke3 b5 31. c4 Ra3+ 32. Rd3 Ra2 33. c5 Rc2 34. cxd6 Kf8 35. Kd4 Rc4+ 36. Ke5 Ke8 37. Rf3 a4 38. d7+ Kxd7 39. Rxf7+ Kd8 40. Ra7 Rg4 41. h4 Rxh4 42. Kd6 Ke8 43. g6 1-0

[Event "Israeli U18-Team-ch 2024"]
[Site "Rishon LeZion"]
[Date "2024.08.01"]
[Round "2.7"]
[White "Friedlich, Eyal"]
[Black "Gilor, Amit"]
[Result "0-1"]
[ECO "A05"]
[WhiteElo "1851"]
[BlackElo "1905"]
[Annotator "RC"]
[PlyCount "68"]
[EventDate "2024.08.01"]
[EventType "team-tourn"]
[EventCountry "ISR"]
[SourceTitle "playchess.com"]
[Source "ChessBase"]
[SourceQuality "1"]
[TimeControl "3000+10"]

1. Nf3 g6 2. g3 Bg7 3. Bg2 Nf6 4. b3 O-O 5. Bb2 d6 6. c4 c5 7. O-O e5 8. d3 Ne8 9. Nc3 f5 10. Nd2 Nf6 11. a3 a5 12. Nb5 Nc6 13. Rb1 Be6 14. Bc3 d5 15. e3 d4 16. exd4 exd4 17. Ba1 Re8 18. b4 axb4 19. axb4 Nxb4 20. Nb3 Qe7 21. Re1 Nc6 22. Bd5 Nd8 23. Bxd4 cxd4 24. N3xd4 Qd7 25. Nxe6 Nxe6 26. Nd4 Nxd5 27. Nxe6 Rxe6 28. cxd5 Rxe1+ 29. Qxe1 Qxd5 30. Qe7 b5 31. Qe3 Bd4 32. Qe2 Rb8 33. Rb4 Qc5 34. Qe1 Bxf2+ 0-1

[Event "Israeli U18-Team-ch 2024"]
[Site "Rishon LeZion"]
[Date "2024.08.01"]
[Round "2.8"]
[White "Magen, Ofek"]
[Black "Hochman, Gur"]
[Result "1/2-1/2"]
[ECO "A51"]
[WhiteElo "1911"]
[BlackElo "1631"]
[Annotator "RC"]
[PlyCount "92"]
[EventDate "2024.08.01"]
[EventType "team-tourn"]
[EventCountry "ISR"]
[SourceTitle "playchess.com"]
[Source "ChessBase"]
[SourceQuality "1"]
[TimeControl "3000+10"]

1. d4 Nf6 2. c4 e5 3. d5 Bc5 4. Nc3 d6 5. e3 O-O 6. Bd2 Bf5 7. Be2 Qd7 8. h3 Ne4 9. Nxe4 Bxe4 10. Nf3 Bxf3 11. Bxf3 f5 12. b4 Bb6 13. Rc1 a6 14. c5 dxc5 15. bxc5 Ba7 16. Qb3 Qb5 17. Bb4 a5 18. c6 a4 19. Qc4 Qxc4 20. Rxc4 b5 21. Bxf8 bxc4 22. Ba3 Na6 23. Be2 Bc5 24. Bxc5 Nxc5 25. Bxc4 Kf8 26. Kd2 Rb8 27. Kc2 Ke7 28. g4 a3 29. Bb3 f4 30. exf4 exf4 31. Rd1 Nxb3 32. axb3 Kd6 33. Kc3 Rb5 34. Rd4 a2 35. Ra4 Rxd5 36. Rxa2 Rc5+ 37. Kd4 Rxc6 38. Ke4 Rb6 39. Rd2+ Ke6 40. Rc2 Kd6 41. Rc3 Rb4+ 42. Kf5 c5 43. f3 Kd5 44. Rd3+ Rd4 45. Rc3 Rb4 46. Rd3+ Rd4 1/2-1/2